 Dungeon Crawl Stone Soup version 0.32-a0-306-gfed3edf829 (webtiles) character file.

Game seed: 3655145735194955894

497 Dittersdorf the Shield-Bearer (level 7, -7/44 HPs)
             Began as a Gargoyle Fighter on Feb 14, 2024.
             Was an Initiate of Gozag.
             Mangled by an ogre
             ... wielding a +0 giant club
              (9 damage)
             ... on level 4 of the Dungeon.
             The game lasted 00:02:17 (2782 turns).

Dittersdorf the Shield-Bearer (Gargoyle Fighter)    Turns: 2782, Time: 00:02:17

Health: -7/44      AC: 16    Str: 21    XL:     7   Next: 16%
Magic:  7/7        EV:  9    Int: 13    God:    Gozag
Gold:   277        SH:  4    Dex:  9    Spells: 6/6 levels left

rFire   . . .        j - +5 flail of the Four Defenders {freeze, Int+4}
rCold   . . .        c - +0 buckler
rNeg    + . .        b - +0 scale mail
rPois   ∞            (no helmet)
rElec   +            (no cloak)
rCorr   .            (no gloves)
SInv    +            (no boots)
Will    .....        (no amulet) Stlth
                     g - +4 ring of protection
HPRegen 0.27/turn    p - ring of see invisible
MPRegen 0.10/turn

%: no passive effects
@: gold aura
A: sickness immunity, AC +4, negative energy resistance 1, electricity
resistance, torment resistance 1, petrification resistance
a: Renounce Religion, Potion Petition, Call Merchant, Bribe Branch


You were on level 4 of the Dungeon.
You worshipped Gozag.
Gozag was aware of your devotion.
You visited 1 branch of the dungeon, and saw 5 of its levels.

You collected 345 gold pieces.
You paid 68 gold pieces to Gozag.

Inventory:

Hand Weapons
 a - a +0 flail
 j - the +5 flail of the Four Defenders (weapon) {freeze, Int+4}
   (You found it on level 2 of the Dungeon)

   Int+4:     It affects your intelligence (+4).
Armour
 b - a +0 scale mail (worn)
 c - a +0 buckler (worn)
Jewellery
 g - a +4 ring of protection (left hand)
 n - a ring of protection from cold
 p - a ring of see invisible (right hand)
Scrolls
 e - a scroll of identify {unknown}
 f - a scroll of vulnerability {unknown}
 h - a scroll of noise {unknown}
 k - 2 scrolls of fear {unknown}
 l - a scroll of teleportation {unknown}
 m - a scroll of brand weapon {unknown}
Potions
 d - a potion of might
 i - 2 potions of mutation {unknown}
 o - a potion of berserk rage {unknown}
 q - a potion of curing {unknown}
 r - a potion of enlightenment {unknown}


   Skills:
 + Level 5.1 Fighting
 + Level 4.0 Maces & Flails
 + Level 5.1 Armour
 + Level 5.2 Shields


You had 6 spell levels left.
You didn't know any spells.
Your spell library contained the following spells:

 Spells                   Type           Power      Damage    Failure   Level
 Foxfire                  Conj/Fire      0%         2x1d4     67%         1
 Freeze                   Ice            0%         1d3       67%         1
 Frozen Ramparts          Ice            0%         1d1       96%         3
 Hailstorm                Conj/Ice       0%         3d5       96%         3
 Plasma Beam              Fire/Air       0%         2x1d10    100%        6
 Starburst                Conj/Fire      0%         6d3       100%        6


Dungeon Overview and Level Annotations

Branches:
Dungeon (5/15)             Temple (0/1) D:4

Altars:
Gozag
Uskayaw
Yredelemnul
Zin

Annotations:
D:5 Dowan, Duvessa


Innate Abilities, Weirdness & Mutations

You are immune to sickness and miasma.
Your stone body is resilient. (AC +4)
You are immune to poison.
You resist negative energy. (rN+)
You are resistant to electric shocks. (rElec)
You are resistant to unholy torment.
You are immune to petrification.


Message History

Done exploring.
No target in view!
Done exploring.
What level of the Dungeon? (default 4, ? - help)
There is a stone staircase leading down here.
You climb downwards.
The ogre shouts!
You hear a shout!
There is a stone staircase leading up here.
An ogre is nearby!
Duvessa and an orc come into view.
Dowan, Brother of Duvessa comes into view.
He is wielding a +0 dagger.
Dowan shouts!
You hear a shout!
Duvessa gestures with her weapon.
An orc comes into view. It is wielding a +0 hand axe.
Duvessa hits you but does no damage.
There is a stone staircase leading up here.
Duvessa closely misses you.
You climb upwards.
There is a stone staircase leading down here.
You climb downwards.
Level annotation: Dowan, Duvessa The ogre hits you with a +0 giant club!!
Duvessa hits you but does no damage.
There is a stone staircase leading up here.
Duvessa hits you but does no damage. You block the orc's attack.
The orc hits you but does no damage. The ogre hits you with a +0 giant club!
You climb upwards.
There is a stone staircase leading down here.
You are too injured to fight recklessly!
You completely miss the orc. The orc barely misses you.
You hit the orc. You freeze the orc.
The orc is almost dead.
The ogre hits you with a +0 giant club!
* * * LOW HITPOINT WARNING * * *
You block the orc's attack.
You bludgeon the orc!! You freeze the orc.
You kill the orc!
The ogre hits you with a +0 giant club!
You die...
Your body crumbles into a pile of gold.

)...#.....#########.###.###.##.#
.............# #.....# #.##.#
#.#(#.....##.# ##.#### #.#..#
#.#.##...###.# #.# #.#.##
....###.## #.# #.# #.#.# #.#.#
#.# #.# #.# #.#.#
....###.####.### #.# #.#.#
.#[............#####.# #.#.#
...#########.#oO@$...# ###.#.#
..## #.######### #.....# ### #.#
#.#...# #.# #.###.# ####.# #.#
#.# #....# #.# #)# #.#..######
#.# #.# #.........# #.# #.# ###
#..#...#..# #.# #.#


You could see an ogre and an orc.

Vanquished Creatures
  Pargi (D:4)
  An ogre (D:4)
  A phantom (D:4)
  2 hounds (D:4)
  A jelly (D:4)
  4 adders
  2 ribbon worms
  3 orcs
  6 ball pythons
  4 bats
  7 endoplasms
  4 giant cockroaches
  10 goblins
  5 hobgoblins
  4 jackals (D:4)
  7 kobolds
  A quokka (D:4)
  3 frilled lizards
  4 rats
70 creatures vanquished.

Notes
Turn   | Place    | Note
-------+----------+-------------------------------------------
     0 | D:1      | Dittersdorf the Gargoyle Fighter began the quest for the
                  | Orb.
     0 | D:1      | Reached XP level 1. HP: 14/14 MP: 1/1
   287 | D:1      | Reached XP level 2. HP: 19/19 MP: 2/2
   846 | D:2      | Reached XP level 3. HP: 24/24 MP: 3/3
   848 | D:2      | Identified the +5 flail of the Four Defenders {freeze,
                  | Int+4}
  1076 | D:2      | Reached XP level 4. HP: 29/29 MP: 4/4
  1321 | D:2      | Found a hide-covered altar of Uskayaw.
  1894 | D:3      | Reached XP level 5. HP: 33/33 MP: 5/5
  2280 | D:4      | Found a hide-covered altar of Uskayaw.
  2280 | D:4      | Found an opulent altar of Gozag.
  2281 | D:4      | Found a basalt altar of Yredelemnul.
  2287 | D:4      | Became a worshipper of Gozag Ym Sagoz the Greedy
  2431 | D:4      | Found a staircase to the Ecumenical Temple.
  2467 | D:4      | Noticed an ogre
  2471 | D:4      | Killed an ogre
  2472 | D:4      | Reached XP level 6. HP: 37/39 MP: 6/6
  2485 | D:4      | Found a glowing silver altar of Zin.
  2540 | D:4      | Noticed Pargi
  2549 | D:4      | Killed Pargi
  2550 | D:4      | Reached skill level 5 in Fighting
  2550 | D:4      | Reached skill level 5 in Armour
  2550 | D:4      | Reached skill level 5 in Shields
  2550 | D:4      | Reached XP level 7. HP: 26/44 MP: 7/7
  2767 | D:5      | Entered Level 5 of the Dungeon
  2768 | D:5      | Noticed Duvessa
  2769 | D:5      | Noticed Dowan
  2781 | D:4      | HP: 1/44 [ogre/+0 giant club (14)]
  2782 | D:4      | Mangled by an ogre

Illustrated notes

Levels and vault maps discovered:
D:1:      minmay_arrival_split_and_join, layout_loops_corners, fountainhead,
          minmay_misc_feat_nine_boxes, dreamdust_mushroom_princess
D:2:      layout_loops_cross, basic_altar
D:3:      layout_loops_cross
D:4:      layout_loops_ring, gammafunk_temple_overflow_forgotten,
          mainiacjoe_overflow_chevrons, minmay_temple_entry_crystal_x,
          uniq_pargi
D:5:      layout_layer_cave, minivault_27, uniq_duvessa, uniq_sigmund,
          uniq_pikel

Skill      XL: |  1  2  3  4  5  6 |
---------------+-------------------+-----
Fighting       | 4 5 |  5.1
Shields        | 4 5 |  5.2
Armour         | 4 5 |  5.1
Maces & Flails | 3 4 |  4.0

Action                     |  1- 3 |  4- 6 |  7- 9 || total
---------------------------+-------+-------+-------++-------
  Melee: Flail             |    74 |    95 |    14 ||   183
 Armour: Scale mail        |    51 |    69 |    12 ||   132
  Dodge: Dodged            |    34 |    45 |     7 ||    86
  Block: Buckler           |     6 |    20 |     4 ||    30

Table legend: (Time is in decaauts)
 A = Elapsed time spent in this place.
 B = Non-inter-level travel time spent in this place.
 C = Inter-level travel time spent in this place.
 D = Time resting spent in this place.
 E = Time spent auto-exploring this place.
 F = Levels seen in this place.
 G = Mean time per level.
                   A        B        C        D        E       F      G
               +--------+--------+--------+--------+--------+-----+--------+
         Total |   2832 |   2737 |     95 |      0 |   2273 |   5 |  566.4 |
       Dungeon |   2832 |   2737 |     95 |      0 |   2273 |   5 |  566.4 |
               +--------+--------+--------+--------+--------+-----+--------+

Top non-repeatable levels by time:
     D:1: 825 daAuts
     D:4: 702 daAuts
     D:2: 690 daAuts
     D:3: 604 daAuts
     D:5: 10 daAuts
